TOP OF THE 1ST |
State College Spikes batting - Pitching for Detroit Dirty Snow : RHP Javier Moreno
|
Pitching: RHP Javier Moreno
|
|
Batting: LHB Burt Ward
|
0-0: Foul Ball, location: 2F 0-1: Swinging Strike 0-2: Ball 1-2: Strikes out swinging
|
Batting: RHB Luis Ortega
|
0-0: Ball 1-0: Swinging Strike 1-1: Swinging Strike 1-2: Foul Ball, location: 2F 1-2: Strikes out swinging
|
Batting: RHB Martín López
|
0-0: Ball 1-0: Called Strike 1-1: Ball 2-1: Ball 3-1: Foul Ball, location: 2F 3-2: Strikes out swinging
|
Top of the 1st over - 0 run(s), 0 hit(s), 0 error(s), 0 left on base; State College 0 - Detroit 0 |
BOTTOM OF THE 1ST |
Detroit Dirty Snow batting - Pitching for State College Spikes : RHP Hsin-pei Hong
|
Pitching: RHP Hsin-pei Hong
|
|
Batting: SHB Cristián López
|
0-0: Ball 1-0: Ball 2-0: Foul Ball, location: 2F 2-1: Ground out 1-3 (Groundball, 13S)
|
Batting: RHB Cristo Souza
|
0-0: Ball 1-0: Ball 2-0: Ball 3-0: Called Strike 3-1: Foul Ball, location: 2F 3-2: SINGLE (Groundball, 56D)
|
Batting: LHB Félix Costa
|
0-0: Foul Ball, location: 2F 0-1: Ball 1-1: Ball 2-1: Ball 3-1: Base on Balls Cristo Souza to second
|
Batting: RHB Carlos Rocha
|
0-0: Called Strike 0-1: Ball 1-1: Grounds into double play, 6-4-3 (Groundball, 56D)
|
Bottom of the 1st over - 0 run(s), 1 hit(s), 0 error(s), 1 left on base; State College 0 - Detroit 0 |
TOP OF THE 2ND |
State College Spikes batting - Pitching for Detroit Dirty Snow : RHP Javier Moreno
|
Batting: RHB Joe Salas
|
0-0: Called Strike 0-1: SOLO HOME RUN (Flyball, 78XD), Distance : 426 ft
|
Batting: RHB Millard Walker
|
0-0: Ball 1-0: Foul Ball, location: 2F 1-1: Swinging Strike 1-2: Ball 2-2: Ball 3-2: Strikes out swinging
|
Batting: RHB Luis Árias
|
0-0: Ball 1-0: Ball 2-0: Ball 3-0: Called Strike 3-1: Swinging Strike 3-2: Foul Ball, location: 2F 3-2: Foul Ball, location: 2F 3-2: Foul Ball, location: 2F 3-2: Fly out, F7 (Flyball, 7LM)
|
Batting: RHB José Maldonado
|
0-0: Ball 1-0: Fly out, F9 (Flyball, 9LMF)
|
Top of the 2nd over - 1 run(s), 1 hit(s), 0 error(s), 0 left on base; State College 1 - Detroit 0 |
BOTTOM OF THE 2ND |
Detroit Dirty Snow batting - Pitching for State College Spikes : RHP Hsin-pei Hong
|
Batting: RHB Gary Wyatt
|
0-0: Called Strike 0-1: Swinging Strike 0-2: Foul Ball, location: 2F 0-2: Foul Ball, location: 2F 0-2: Ball 1-2: Ground out U3 (Groundball, 3L)
|
Batting: RHB Charlie O'Farrell
|
0-0: Ball 1-0: Swinging Strike 1-1: Foul Ball, location: 2F 1-2: Ball 2-2: Ball 3-2: Base on Balls
|
Batting: SHB Alan Garland
|
0-0: Swinging Strike 0-1: Ball 1-1: Ball 2-1: Ball 3-1: Fielders Choice at 2nd, 1-4 (Groundball, 15)
|
Batting: SHB Víctor Torres
|
0-0: Ball 1-0: Ball 2-0: Ball 3-0: Called Strike 3-1: DOUBLE (Groundball, 3L) Alan Garland to third
|
Batting: RHB Kelsey Scott
|
0-0: Ball 1-0: Ball 2-0: Ball 3-0: Called Strike 3-1: Base on Balls
|
Batting: SHB Cristián López
|
0-0: Fielders Choice at 2nd, 5-4 (Groundball, 56)
|
Bottom of the 2nd over - 0 run(s), 1 hit(s), 0 error(s), 2 left on base; State College 1 - Detroit 0 |
TOP OF THE 3RD |
State College Spikes batting - Pitching for Detroit Dirty Snow : RHP Javier Moreno
|
Batting: RHB Diego Benítez
|
0-0: Foul Ball, location: 2F 0-1: Swinging Strike 0-2: Ball 1-2: Foul Ball, location: 2F 1-2: Ball 2-2: Ball 3-2: Reached on error, E5 (Groundball, 5)
|
Batting: RHB Daniel Martínez
|
0-0: Ball 1-0: Swinging Strike 1-1: Fly out, F8 (Flyball, 78M)
|
Batting: LHB Burt Ward
|
0-0: Swinging Strike 0-1: Foul Ball, location: 2F 0-2: Ball 1-2: Foul Ball, location: 2F 1-2: Ball 2-2: SINGLE (Line Drive, 7S) Diego Benítez to third Runner from 3rd tries for Home, SAFE, throw made home Burt Ward to second
|
Batting: RHB Luis Ortega
|
0-0: Fly out, F9 (Flyball, 9LS)
|
Batting: RHB Martín López
|
0-0: Ball 1-0: Called Strike 1-1: Ball 2-1: Ball 3-1: Ground out 3-1 (Groundball, 34)
|
Top of the 3rd over - 1 run(s), 1 hit(s), 1 error(s), 1 left on base; State College 2 - Detroit 0 |
BOTTOM OF THE 3RD |
Detroit Dirty Snow batting - Pitching for State College Spikes : RHP Hsin-pei Hong
|
Batting: RHB Cristo Souza
|
0-0: Ground out 6-3 (Groundball, 6S)
|
Batting: LHB Félix Costa
|
0-0: Foul Ball, location: 2F 0-1: Ball 1-1: Swinging Strike 1-2: Fly out, F7 (Flyball, 78S)
|
Batting: RHB Carlos Rocha
|
0-0: DOUBLE (Line Drive, 7)
|
Batting: RHB Gary Wyatt
|
0-0: Ball 1-0: Swinging Strike 1-1: Swinging Strike 1-2: Foul Ball, location: 2F 1-2: Strikes out swinging
|
Bottom of the 3rd over - 0 run(s), 1 hit(s), 0 error(s), 1 left on base; State College 2 - Detroit 0 |
TOP OF THE 4TH |
State College Spikes batting - Pitching for Detroit Dirty Snow : RHP Javier Moreno
|
Batting: RHB Joe Salas
|
0-0: Ground out 6-3 (Groundball, 6)
|
Batting: RHB Millard Walker
|
0-0: Called Strike 0-1: Foul Ball, location: 2F 0-2: Ball 1-2: Ball 2-2: Foul Ball, location: 2F 2-2: Strikes out looking
|
Batting: RHB Luis Árias
|
0-0: Ball 1-0: Ball 2-0: Ball 3-0: Called Strike 3-1: Base on Balls
|
Batting: RHB José Maldonado
|
0-0: Called Strike 0-1: Ball 1-1: Foul Ball, location: 2F 1-2: Ball Wild Pitch! Luis Árias to second 2-2: Strikes out looking
|
Top of the 4th over - 0 run(s), 0 hit(s), 0 error(s), 1 left on base; State College 2 - Detroit 0 |
BOTTOM OF THE 4TH |
Detroit Dirty Snow batting - Pitching for State College Spikes : RHP Hsin-pei Hong
|
Batting: RHB Charlie O'Farrell
|
0-0: Ball 1-0: Ball 2-0: Fly out, F2 (Popup, 13)
|
Batting: SHB Alan Garland
|
0-0: Ball 1-0: Called Strike 1-1: Swinging Strike 1-2: Ball 2-2: Ground out 3-1 (Groundball, 34)
|
Batting: SHB Víctor Torres
|
0-0: Swinging Strike 0-1: Swinging Strike 0-2: Ground out 3-1 (Groundball, 34)
|
Bottom of the 4th over - 0 run(s), 0 hit(s), 0 error(s), 0 left on base; State College 2 - Detroit 0 |
TOP OF THE 5TH |
State College Spikes batting - Pitching for Detroit Dirty Snow : RHP Javier Moreno
|
Batting: RHB Diego Benítez
|
0-0: Called Strike 0-1: Swinging Strike 0-2: Foul Ball, location: 2F 0-2: Foul Ball, location: 2F 0-2: Ball 1-2: Ball 2-2: Ball 3-2: Strikes out swinging
|
Pitching: RHP José Rocha
|
|
Batting: RHB Daniel Martínez
|
0-0: Called Strike 0-1: Foul Ball, location: 2F 0-2: Ball 1-2: Ball 2-2: SINGLE (Groundball, 6MD)
|
Batting: LHB Burt Ward
|
0-0: Ball 1-0: Ball 2-0: Ball 3-0: Called Strike 3-1: Foul Ball, location: 2F 3-2: Foul Ball, location: 2F 3-2: Base on Balls Daniel Martínez to second
|
Batting: RHB Luis Ortega
|
0-0: Ball 1-0: Swinging Strike 1-1: 3-RUN HOME RUN (Flyball, 7D), Distance : 397 ft
|
Batting: RHB Martín López
|
0-0: Called Strike 0-1: Ball 1-1: Called Strike 1-2: Foul Ball, location: 2F 1-2: Strikes out swinging
|
Batting: RHB Joe Salas
|
0-0: Ball 1-0: Ball 2-0: Ball 3-0: Base on Balls
|
Batting: RHB Millard Walker
|
0-0: Ball 1-0: Ball 2-0: Called Strike 2-1: Ground out 6-3 (Groundball, 6S)
|
Top of the 5th over - 3 run(s), 2 hit(s), 0 error(s), 1 left on base; State College 5 - Detroit 0 |
BOTTOM OF THE 5TH |
Detroit Dirty Snow batting - Pitching for State College Spikes : RHP Hsin-pei Hong
|
Batting: RHB Kelsey Scott
|
0-0: Foul Ball, location: 2F 0-1: Swinging Strike 0-2: Ball 1-2: Fly out, F9 (Flyball, 89M)
|
Batting: SHB Cristián López
|
0-0: Ball 1-0: Ball 2-0: Called Strike 2-1: Foul Ball, location: 2F 2-2: Foul Ball, location: 2F 2-2: Ball 3-2: DOUBLE (Flyball, 89D)
|
Batting: RHB Cristo Souza
|
0-0: Reached on error, E6 (Groundball, 6) Cristián López to third
|
Batting: LHB Félix Costa
|
0-0: Ball 1-0: Called Strike 1-1: Foul Ball, location: 2F 1-2: Strikes out swinging
|
Batting: RHB Carlos Rocha
|
0-0: Fly out, F8 (Flyball, 8LM)
|
Bottom of the 5th over - 0 run(s), 1 hit(s), 1 error(s), 2 left on base; State College 5 - Detroit 0 |
TOP OF THE 6TH |
State College Spikes batting - Pitching for Detroit Dirty Snow : RHP José Rocha
|
Batting: RHB Luis Árias
|
0-0: Called Strike 0-1: Ground out 5-3 (Groundball, 56S)
|
Batting: RHB José Maldonado
|
0-0: Called Strike 0-1: Ball 1-1: Fly out, F8 (Flyball, 89XD)
|
Batting: RHB Diego Benítez
|
0-0: Ball 1-0: Called Strike 1-1: Ball 2-1: Ball 3-1: Base on Balls
|
Batting: RHB Daniel Martínez
|
0-0: Ball 1-0: Foul Ball, location: 2F 1-1: Ball 2-1: SINGLE (Flyball, 89S) Diego Benítez to second Runner from 2nd tries for 3rd, SAFE, throw made to third
|
Batting: LHB Burt Ward
|
0-0: Ball 1-0: Foul Ball, location: 2F 1-1: Foul Ball, location: 2F 1-2: Strikes out looking
|
Top of the 6th over - 0 run(s), 1 hit(s), 0 error(s), 2 left on base; State College 5 - Detroit 0 |
BOTTOM OF THE 6TH |
Detroit Dirty Snow batting - Pitching for State College Spikes : RHP Hsin-pei Hong
|
Pitching: RHP Drake Johnston
|
|
Batting: RHB Gary Wyatt
|
0-0: Ball 1-0: Ball 2-0: Ball 3-0: Called Strike 3-1: Base on Balls
|
Batting: RHB Charlie O'Farrell
|
0-0: Swinging Strike 0-1: Ball 1-1: Ball 2-1: Grounds into double play, 4-6-3 (Groundball, 34)
|
Batting: SHB Alan Garland
|
0-0: Ball 1-0: Ball 2-0: Called Strike 2-1: Foul Ball, location: 2F 2-2: Foul Ball, location: 2F 2-2: SINGLE (Line Drive, 8RS)
|
Batting: SHB Víctor Torres
|
0-0: Ball 1-0: Ball Alan Garland is caught stealing 2nd base
|
Bottom of the 6th over - 0 run(s), 1 hit(s), 0 error(s), 0 left on base; State College 5 - Detroit 0 |
TOP OF THE 7TH |
State College Spikes batting - Pitching for Detroit Dirty Snow : RHP José Rocha
|
Batting: RHB Luis Ortega
|
0-0: Swinging Strike 0-1: Ball 1-1: Called Strike 1-2: Strikes out looking
|
Batting: RHB Martín López
|
0-0: Foul Ball, location: 2F 0-1: Ball 1-1: Ground out 4-3 (Groundball, 4)
|
Batting: RHB Joe Salas
|
0-0: Ball 1-0: Foul Ball, location: 2F 1-1: Ball 2-1: Ball 3-1: Base on Balls
|
Pitching: RHP Benjamin Hutchison
|
|
Batting: RHB Millard Walker
|
0-0: Ball 1-0: Swinging Strike 1-1: Ball 2-1: Ball 3-1: Base on Balls Joe Salas to second
|
Batting: RHB Luis Árias
|
0-0: Called Strike 0-1: Called Strike 0-2: Ball 1-2: Foul Ball, location: 2F 1-2: Strikes out looking
|
Top of the 7th over - 0 run(s), 0 hit(s), 0 error(s), 2 left on base; State College 5 - Detroit 0 |
BOTTOM OF THE 7TH |
Detroit Dirty Snow batting - Pitching for State College Spikes : RHP Drake Johnston
|
Batting: SHB Víctor Torres
|
0-0: Called Strike 0-1: Called Strike 0-2: Ball 1-2: Foul Ball, location: 2F 1-2: Fly out, F7 (Flyball, 7)
|
Batting: RHB Kelsey Scott
|
0-0: Called Strike 0-1: Ball 1-1: Swinging Strike 1-2: SINGLE (Flyball, 78S)
|
Batting: SHB Cristián López
|
0-0: Ball 1-0: Ball 2-0: Ball 3-0: Base on Balls Kelsey Scott to second
|
Batting: RHB Cristo Souza
|
0-0: DOUBLE (Line Drive, 9LS) Kelsey Scott scores Cristián López to third
|
Batting: LHB Félix Costa
|
0-0: Ball 1-0: Ball 2-0: Ball 3-0: Called Strike 3-1: Base on Balls
|
Batting: RHB Carlos Rocha
|
0-0: Ball 1-0: Foul Ball, location: 2F 1-1: Ball 2-1: Fly out, F7 (Flyball, 7) Runner from 3rd tags up, OUT at HOME
|
Bottom of the 7th over - 1 run(s), 2 hit(s), 0 error(s), 2 left on base; State College 5 - Detroit 1 |
TOP OF THE 8TH |
State College Spikes batting - Pitching for Detroit Dirty Snow : RHP Benjamin Hutchison
|
Batting: RHB José Maldonado
|
0-0: Ball 1-0: SINGLE (Groundball, 34D)
|
Batting: RHB Diego Benítez
|
0-0: Ball José Maldonado is caught stealing 2nd base 1-0: Foul Ball, location: 2F 1-1: Ball 2-1: SINGLE (Flyball, 78S)
|
Batting: RHB Daniel Martínez
|
0-0: Fly out, F8 (Flyball, 8LM)
|
Batting: LHB Burt Ward
|
0-0: Ball 1-0: Swinging Strike 1-1: Foul Ball, location: 2F 1-2: Ball 2-2: Fly out, F9 (Flyball, 9)
|
Top of the 8th over - 0 run(s), 2 hit(s), 0 error(s), 1 left on base; State College 5 - Detroit 1 |
BOTTOM OF THE 8TH |
Detroit Dirty Snow batting - Pitching for State College Spikes : RHP Drake Johnston
|
Batting: RHB Gary Wyatt
|
0-0: Ball 1-0: Foul Ball, location: 2F 1-1: Ball 2-1: Ball 3-1: Foul Ball, location: 2F 3-2: Base on Balls
|
Pitching: RHP Bob Howe
|
|
Batting: RHB Charlie O'Farrell
|
0-0: Ball 1-0: Swinging Strike 1-1: Foul Ball, location: 2F 1-2: Ball 2-2: Ball 3-2: Base on Balls Gary Wyatt to second
|
Batting: SHB Alan Garland
|
0-0: Foul Ball, location: 2F 0-1: Ball 1-1: Foul Ball, location: 2F 1-2: Ball 2-2: SINGLE (Groundball, 4MD) Gary Wyatt to third Charlie O'Farrell to second Runner from 3rd tries for Home, throw and OUT! Charlie O'Farrell to third Alan Garland to second
|
Batting: SHB Víctor Torres
|
0-0: Ball 1-0: Foul Ball, location: 2F 1-1: Foul Ball, location: 2F 1-2: Foul Ball, location: 2F 1-2: Strikes out looking
|
Batting: RHB Kelsey Scott
|
0-0: Called Strike 0-1: Foul Ball, location: 2F 0-2: Ball 1-2: Ball 2-2: Ball 3-2: Ground out 2-3 (Groundball, 2L)
|
Bottom of the 8th over - 0 run(s), 1 hit(s), 0 error(s), 2 left on base; State College 5 - Detroit 1 |
TOP OF THE 9TH |
State College Spikes batting - Pitching for Detroit Dirty Snow : RHP Benjamin Hutchison
|
Batting: RHB Luis Ortega
|
0-0: Ball 1-0: Called Strike 1-1: Foul Ball, location: 2F 1-2: Foul Ball, location: 2F 1-2: Fly out, F4 (Line Drive, 4)
|
Batting: RHB Martín López
|
0-0: Called Strike 0-1: SINGLE (Line Drive, 89S)
|
Batting: RHB Joe Salas
|
0-0: Ball Martín López steals 2nd base 1-0: Ball 2-0: Reached on error, E4 (Groundball, 4S) Martín López to third
|
Batting: RHB Millard Walker
|
0-0: Foul Ball, location: 2F 0-1: Fly out, F8 (Flyball, 89D) Runner from 3rd tags up, SCORES, no throw
|
Batting: RHB Luis Árias
|
0-0: Called Strike Joe Salas is caught stealing 2nd base
|
Top of the 9th over - 1 run(s), 1 hit(s), 1 error(s), 0 left on base; State College 6 - Detroit 1 |
BOTTOM OF THE 9TH |
Detroit Dirty Snow batting - Pitching for State College Spikes : RHP Bob Howe
|
Pitching: LHP Michael Stewart
|
|
Now at 3B: Ira Ross
|
|
Now in RF: Dave Boom
|
|
Batting: SHB Cristián López
|
0-0: Ball 1-0: Fly out, F9 (Flyball, 9S)
|
Batting: RHB Cristo Souza
|
0-0: Ball 1-0: Called Strike 1-1: Swinging Strike 1-2: Ball 2-2: Strikes out swinging
|
Batting: LHB Félix Costa
|
0-0: Ball 1-0: Ball 2-0: Foul Ball, location: 2F 2-1: Ball 3-1: Base on Balls
|
Batting: RHB Carlos Rocha
|
0-0: Ball 1-0: Called Strike 1-1: Ball 2-1: Foul Ball, location: 2F 2-2: Fly out, F9 (Flyball, 89M)
|
Bottom of the 9th over - 0 run(s), 0 hit(s), 0 error(s), 1 left on base; State College 6 - Detroit 1 |
|